 Dungeon Crawl Stone Soup version 0.32-a0-18-g89e19f1974 (webtiles) character file.

Game seed: 13431021770053416083

161 Malachi the Digger (level 5, -3/37 HPs)
             Began as a Gnoll Wanderer on Jan 16, 2024.
             Slain by Grinder (6 damage)
             ... on level 3 of the Dungeon.
             The game lasted 00:03:37 (2154 turns).

Malachi the Digger (Gnoll Wanderer)                 Turns: 2154, Time: 00:03:38

Health: -3/37      AC:  7    Str: 11    XL:     5   Next: 42%
Magic:  9/9        EV: 13    Int: 11    God:
Gold:   100        SH:  0    Dex: 14    Spells: 9/10 levels left

rFire   . . .        n - +2 falchion (holy)
rCold   . . .        (no shield)
rNeg    . . .        d - +2 leather armour
rPois   .            o - +0 helmet
rElec   .            (no cloak)
rCorr   .            (no gloves)
SInv    .            j - +0 pair of boots
Will    .....        (no amulet)
Stlth   ++           (no ring)
HPRegen 0.26/turn    (no ring)
MPRegen 0.11/turn

%: no passive effects
@: no status effects
A: fangs 1, strong nose, distributed training, sense surroundings 1
a: no special abilities


You were on level 3 of the Dungeon.
You visited 1 branch of the dungeon, and saw 3 of its levels.

You collected 100 gold pieces.

Inventory:

Hand Weapons
 f - a +2 dagger of venom
 i - a +3 short sword
 n - a +2 falchion of holy wrath (weapon)
Missiles
 g - 4 javelins
Armour
 d - a +2 leather armour (worn)
 h - a +0 scale mail
 j - a +0 pair of boots (worn)
 o - a +0 helmet (worn)
Talismans
 e - a blade talisman
Potions
 a - 3 potions of attraction {unknown}
 b - 2 potions of curing
 c - a potion of ambrosia {unknown}
 k - 2 potions of might {unknown}
 l - a potion of mutation
 m - a potion of heal wounds {unknown}


   Skills:
 + Level 1.5 Fighting
 + Level 1.5 Short Blades
 + Level 1.5 Long Blades
 + Level 1.5 Axes
 + Level 1.5 Maces & Flails
 + Level 1.5 Polearms
 + Level 1.5 Staves
 + Level 1.5 Ranged Weapons
 + Level 1.5 Throwing
 + Level 3.0 Armour
 + Level 4.8 Dodging
 + Level 1.5 Stealth
 + Level 1.5 Shields
 + Level 1.5 Unarmed Combat
 + Level 3.2 Spellcasting
 + Level 1.2 Conjurations
 + Level 1.2 Hexes
 + Level 1.2 Summonings
 + Level 1.2 Necromancy
 + Level 1.2 Translocations
 + Level 1.2 Fire Magic
 + Level 1.2 Ice Magic
 + Level 1.2 Air Magic
 + Level 5.5 Earth Magic
 + Level 1.2 Alchemy
 + Level 3.1 Invocations
 + Level 4.8 Evocations
 + Level 1.4 Shapeshifting


You had 9 spell levels left.
You knew the following spells:

 Your Spells              Type           Power      Damage    Failure   Level
a - Sandblast             Erth           28%        2d8       3%          1

Your spell library contained the following spells:

 Spells                   Type           Power      Damage    Failure   Level
 Stone Arrow              Conj/Erth      18%        3d8       24%         3
 Passage of Golubria      Tloc           4%         N/A       89%         4
 Silence                  Hex/Air        2%         N/A       99%         5
 Lehudib's Crystal Spear  Conj/Erth      4%         10d3      100%        8


Dungeon Overview and Level Annotations

Branches:
Dungeon (3/15)

Altars:

Annotations:
D:3 Grinder, Pargi


Innate Abilities, Weirdness & Mutations

You have very sharp teeth.
Your uncanny sense of smell can sniff out nearby items.
Your experience applies equally to all skills.
You passively map a small area around you.


Message History

Your +2 falchion of holy wrath softly glows with a divine radiance!
n - a +2 falchion of holy wrath (weapon)
No target in view!
No target in view!
Grinder gestures at you. You resist with significant effort.
A hobgoblin comes into view.
The hobgoblin shouts!
You hear a shout!
Grinder gestures at you.
You suddenly lose the ability to move!
Pargi the Meek comes into view.
Grinder hits you.
You writhe in agony.
You can move again.
You barely miss Grinder. Grinder hits you but does no damage.
Grinder closely misses you.
You barely miss Grinder. Grinder gestures at you.
Pain shoots through your body!
You slash Grinder!
Grinder convulses!
Grinder is heavily wounded.
Grinder misses you.
You hit Grinder.
Grinder convulses.
Grinder is heavily wounded.
Grinder sighs, "No one appreciates my work."
Grinder hits you but does no damage.
You hit Grinder but do no damage. Your bite misses Grinder.
Grinder is heavily wounded.
Grinder gestures at you. Pain shoots through your body! Grinder hits you.
* * * LOW HITPOINT WARNING * * *
You writhe in agony.
* * * LOW HITPOINT WARNING * * *
Unknown command.
You closely miss Grinder.
Grinder is heavily wounded.
Grinder hits you.
* * * LOW HITPOINT WARNING * * *
You writhe in agony.
You die...
Grinder says, "Hey, I wasn't done torturing you yet!" * , ** #. * , #. * , ** #. , . #., * .., #.## * *** * ... gT#

∆ * * ,#... #5# ## .
+ , ###..##@# ##.##
..
........####...#$...#
,
....................
#...#.#............ #
##.*#.#!.....##. .,.+
# #.#.###..# *.#..#
,....###..###....#. ,
*#................. ,
#...........#.....#.#


You could see Grinder, Pargi and a hobgoblin.

Vanquished Creatures
  Robin (D:3)
  6 adders
  2 ribbon worms (D:2)
  3 dart slugs
  3 orcs (D:3)
  7 endoplasms
  2 giant cockroaches
  6 hobgoblins
  5 kobolds
  2 quokkas
  8 ball pythons
  11 bats
  5 frilled lizards
  15 goblins
  3 rats
79 creatures vanquished.

Notes
Turn   | Place    | Note
-------+----------+-------------------------------------------
     0 | D:1      | Malachi the Gnoll Wanderer began the quest for the Orb.
     0 | D:1      | Malachi set off with the following items: a +0 dagger, a
                  | potion of curing, a potion of mutation, a +2 leather
                  | armour; and the following spell memorised: Sandblast; and
                  | the following spells available to memorise: Stone Arrow.
     0 | D:1      | Reached XP level 1. HP: 13/13 MP: 4/4
     1 | D:1      | Gained mutation: You passively map a small area around you.
                  | [potion of mutation]
   100 | D:1      | Reached XP level 2. HP: 16/19 MP: 5/5
   408 | D:1      | Reached XP level 3. HP: 20/25 MP: 7/7
  1228 | D:2      | Reached skill level 1 in Fighting
  1228 | D:2      | Reached skill level 1 in Short Blades
  1228 | D:2      | Reached skill level 1 in Long Blades
  1228 | D:2      | Reached skill level 1 in Axes
  1228 | D:2      | Reached skill level 1 in Maces & Flails
  1228 | D:2      | Reached skill level 1 in Polearms
  1228 | D:2      | Reached skill level 1 in Staves
  1228 | D:2      | Reached skill level 1 in Ranged Weapons
  1228 | D:2      | Reached skill level 1 in Throwing
  1228 | D:2      | Reached skill level 1 in Stealth
  1228 | D:2      | Reached skill level 1 in Shields
  1228 | D:2      | Reached skill level 1 in Unarmed Combat
  1255 | D:2      | Reached skill level 1 in Shapeshifting
  1255 | D:2      | Reached XP level 4. HP: 26/32 MP: 8/8
  1406 | D:2      | Reached skill level 1 in Conjurations
  1406 | D:2      | Reached skill level 1 in Hexes
  1406 | D:2      | Reached skill level 1 in Summonings
  1406 | D:2      | Reached skill level 1 in Necromancy
  1406 | D:2      | Reached skill level 1 in Translocations
  1406 | D:2      | Reached skill level 1 in Fire Magic
  1406 | D:2      | Reached skill level 1 in Ice Magic
  1406 | D:2      | Reached skill level 1 in Air Magic
  1406 | D:2      | Reached skill level 1 in Alchemy
  1887 | D:3      | Noticed Robin
  1896 | D:3      | Reached XP level 5. HP: 33/37 MP: 9/9
  1928 | D:3      | Killed Robin
  2137 | D:3      | Noticed Grinder
  2137 | D:3      | Paralysed by Grinder for 4 turns
  2145 | D:3      | Paralysed by Grinder for 4 turns
  2145 | D:3      | Noticed Pargi
  2154 | D:3      | Slain by Grinder

Illustrated notes

Levels and vault maps discovered:
D:1:      lemuel_arrival_hallway, layout_basic, grunt_decor_fettered,
          hangedman_decor_riveting, st_stairs_5
D:2:      minmay_razor_zed, layout_rooms
D:3:      layout_basic, okawaru_ov_weapons_minmay, nrook_loot_triangle,
          minmay_misc_feat_more_columns, uniq_grinder, uniq_pargi, uniq_robin

Skill      XL: |  1  2  3  4  5 |
---------------+----------------+-----
Fighting       | 1 |  1.5
Short Blades   | 1 |  1.5
Long Blades    | 1 |  1.5
Axes           | 1 |  1.5
Maces & Flails | 1 |  1.5
Polearms       | 1 |  1.5
Staves         | 1 |  1.5
Ranged Weapons | 1 |  1.5
Throwing       | 1 |  1.5
Stealth        | 1 |  1.5
Shields        | 1 |  1.5
Unarmed Combat | 1 |  1.5
Shapeshifting  | 1 |  1.4
Spellcasting   | 3 |  3.2
Conjurations   | 1 |  1.2
Hexes          | 1 |  1.2
Summonings     | 1 |  1.2
Necromancy     | 1 |  1.2
Translocations | 1 |  1.2
Fire Magic     | 1 |  1.2
Ice Magic      | 1 |  1.2
Air Magic      | 1 |  1.2
Alchemy        | 1 |  1.2
Invocations    | 3 |  3.1
Armour         | 3 |  3.0
Dodging        | |  4.8
Earth Magic    | |  5.5
Evocations     | |  4.8

Action                     |  1- 3 |  4- 6 || total
---------------------------+-------+-------++-------
  Melee: Dagger            |    91 |   124 ||   215
         Bite              |     8 |     5 ||    13
         Punch             |     1 |     2 ||     3
         Falchion          |       |     6 ||     6
   Cast: Sandblast         |     3 |       ||     3
    Use: Potion            |     1 |       ||     1
         Scroll            |     2 |     2 ||     4
   Stab: Sleeping          |     4 |     2 ||     6
 Armour: Leather armour    |    51 |    60 ||   111
  Dodge: Dodged            |    59 |    71 ||   130

Table legend: (Time is in decaauts)
 A = Elapsed time spent in this place.
 B = Non-inter-level travel time spent in this place.
 C = Inter-level travel time spent in this place.
 D = Time resting spent in this place.
 E = Time spent auto-exploring this place.
 F = Levels seen in this place.
 G = Mean time per level.
                   A        B        C        D        E       F      G
               +--------+--------+--------+--------+--------+-----+--------+
         Total |   2146 |   2013 |    133 |    145 |   1325 |   3 |  715.3 |
       Dungeon |   2146 |   2013 |    133 |    145 |   1325 |   3 |  715.3 |
               +--------+--------+--------+--------+--------+-----+--------+

Top non-repeatable levels by time:
     D:1: 995 daAuts
     D:2: 820 daAuts
     D:3: 329 daAuts
